 Dungeon Crawl Stone Soup version 0.30-a0-439-g9e77e4d916 (webtiles) character file.

Game seed: 3108680191940012788

2254345 Joey1 the Conqueror (level 27, 273/273 HPs)
             Began as a Minotaur Fighter on Dec 9, 2022.
             Was the Champion of Okawaru.
             Escaped with the Orb
             ... and 4 runes on Dec 10, 2022!
             The game lasted 05:59:44 (77146 turns).

Joey1 the Conqueror (Minotaur Fighter)             Turns: 77146, Time: 05:59:44

Health: 273/273    AC: 46    Str: 35    XL:     27
Magic:  46/46      EV: 21    Int:  9    God:    Okawaru [******]
Gold:   4334       SH: 36    Dex: 18    Spells: 26/26 levels left

rFire   + . .      SeeInvis +    k - +8 mithril axe "Arga" {speed, Will+}
rCold   + . .      Faith    .    y - +8 tower shield {rC+}
rNeg    . . .      Spirit   .    D - +7 plate armour "Viaqis" {Regen+ Dex-3 Slay+2 SInv}
rPois   +          Reflect  +    t - +1 hat {Will+}
rElec   +          Harm     .    Z - +2 cloak "Razxabro" {rElec}
rCorr   .          Rampage  .    w - +2 pair of gloves
Will    +++++      Clarity  +    q - +4 pair of boots of Wuejamis {Fly rF+ Dex+4}
Stlth   ..........               a - amulet of Peyxtasch {Reflect Will+ SH+5}
HPRegen 1.45/turn                g - ring "Ikkaikia" {rPois Slay+2}
MPRegen 0.30/turn                I - ring of the Fifty Seas {Will+ MP+9 Str+3 Int+4 Dex+4}

@: flying, studying 2 skills
A: horns 2, retaliatory headbutt, talons 1, iridescent scales 2, clarity,
screaming 1
0: Orb of Zot
}: 4/15 runes: barnacled, slimy, silver, gossamer
a: Renounce Religion, Heroism, Finesse, Duel


You escaped.
You worshipped Okawaru.
Okawaru was exalted by your worship.
You visited 14 branches of the dungeon, and saw 58 of its levels.
You also visited: Ossuary, Ice Cave and Wizlab.

You collected 10118 gold pieces.
You spent 5784 gold pieces at shops.

Inventory:

Hand Weapons
 k - the +8 mithril axe "Arga" (weapon) {speed, Will+}
   (You bought it in a shop on level 2 of the Elven Halls)

   Attacks with this weapon are significantly faster.
   Will:      It increases your willpower.
 u - a +9 vampiric broad axe
 S - a +7 vorpal morningstar
Missiles
 s - 64 poisoned darts (quivered)
 F - 14 throwing nets
Armour
 q - the +4 pair of boots of Wuejamis (worn) {Fly rF+ Dex+4}
   (You acquired it on level 5 of the Vaults)

   Dex:       It affects your dexterity (+4).
   rF:        It protects you from fire.
   Fly:       It grants you flight.
 t - a +1 hat of willpower (worn)
 w - a +2 pair of gloves (worn)
 y - a +8 tower shield of cold resistance (worn)
 C - a +1 cloak of poison resistance
 D - the +7 plate armour "Viaqis" (worn) {Regen+ Dex-3 Slay+2 SInv}
   (You found it on level 1 of the Crypt)

   Dex:       It affects your dexterity (-3).
   Slay:      It affects your accuracy & damage with ranged weapons and melee
   (+2).
   SInv:      It lets you see invisible.
   Regen:     It increases your rate of health regeneration.
 H - the +2 cloak "Voqy" {rElec rF++ Str-4}
   (You found it on level 2 of the Shoals)

   Str:       It affects your strength (-4).
   rF:        It greatly protects you from fire.
   rElec:     It insulates you from electricity.
 J - the +10 plate armour "Goreiklavvaq" {rC++}
   (Okawaru gifted it to you on level 4 of the Lair of Beasts)

   rC:        It greatly protects you from cold.
 K - a +4 chain mail of positive energy
 M - the +0 pair of boots of Vimitt {Will+}
   (Okawaru gifted it to you on level 3 of the Spider Nest)

   Will:      It increases your willpower.
 Z - the +2 cloak "Razxabro" (worn) {rElec}
   (Okawaru gifted it to you on level 3 of the Elven Halls)

   rElec:     It insulates you from electricity.
Jewellery
 a - the amulet of Peyxtasch (around neck) {Reflect Will+ SH+5}
   (You found it on level 14 of the Dungeon)

   [amulet of reflection]

   It reflects blocked missile attacks.
   SH:        It affects your SH (+5).
   Will:      It increases your willpower.
 c - a ring of resist corrosion
 g - the ring "Ikkaikia" (left hand) {rPois Slay+2}
   (You found it in a wizard's laboratory)

   [ring of poison resistance]

   Slay:      It affects your accuracy & damage with ranged weapons and melee
   (+2).
   rPois:     It protects you from poison.
 h - the ring "Nohoitus" {*Slow rF+ rC+ SInv}
   (You found it in an ice cave)

   [ring of see invisible]

   rF:        It protects you from fire.
   rC:        It protects you from cold.
   SInv:      It lets you see invisible.
   *Slow:     It may slow you when you take damage.
 o - the ring "Ukhlariedd" {rPois rN++ AC+4 Stlth-}
   (You found it on level 4 of the Depths)

   [ring of protection]

   AC:        It affects your AC (+4).
   rPois:     It protects you from poison.
   rN:        It greatly protects you from negative energy.
   Stlth:     It makes you less stealthy.
 p - the ring of Sehelad {rElec MP+9 Str+4 Int-5 Dex+6}
   (You found it on level 5 of the Vaults)

   [ring of dexterity]

   Str:       It affects your strength (+4).
   Int:       It affects your intelligence (-5).
   Dex:       It affects your dexterity (+6).
   rElec:     It insulates you from electricity.
   MP:        It affects your magic capacity (+9).
 E - an amulet of the acrobat
 I - the ring of the Fifty Seas (right hand) {Will+ MP+9 Str+3 Int+4 Dex+4}
   (You bought it in a shop on level 2 of the Orcish Mines)

   [ring of willpower]

   Str:       It affects your strength (+3).
   Int:       It affects your intelligence (+4).
   Dex:       It affects your dexterity (+4).
   MP:        It affects your magic capacity (+9).
   Will:      It increases your willpower.
 W - the macabre finger necklace {rN+}
   (You took it off a deep elf death mage on level 3 of the Elven Halls)

   [amulet of nothing]

   It enables you to equip an extra ring.
   rN:        It protects you from negative energy.
 X - a ring of see invisible
 Y - the ring "Ciurph" {rPois Will+ Stlth+}
   (You found it on level 3 of the Crypt)

   [ring of willpower]

   rPois:     It protects you from poison.
   Will:      It increases your willpower.
   Stlth:     It makes you more stealthy.
Wands
 e - a wand of roots (38)
 x - a wand of polymorph (27)
 G - a wand of light (49)
 N - a wand of flame (91)
 R - a wand of mindburst (46)
 T - a wand of digging (12)
Scrolls
 b - 5 scrolls of magic mapping
 f - 31 scrolls of teleportation
 j - 8 scrolls of fear
 O - 4 scrolls of silence
 U - 15 scrolls of blinking
Potions
 d - 8 potions of might
 i - 5 potions of magic
 l - 33 potions of curing
 m - 16 potions of heal wounds
 n - 12 potions of mutation
 r - 15 potions of attraction
 v - 7 potions of cancellation
 z - 6 potions of resistance
 A - 7 potions of berserk rage
 L - 7 potions of invisibility
 P - 5 potions of haste
 Q - 11 potions of lignification
 V - 11 potions of ambrosia
Miscellaneous
 B - a lightning rod (4/4)


   Skills:
 O Level 27 Fighting
 + Level 25.4 Axes
 - Level 5.0 Throwing
 - Level 22.0 Armour
 - Level 22.0 Dodging
 - Level 22.0 Shields
 - Level 22.0 Invocations
 - Level 20.0 Evocations


You had 26 spell levels left.
You didn't know any spells.
Your spell library contained the following spells:

 Spells                   Type           Power      Damage    Failure   Level
 Apportation              Tloc           0%         N/A       91%         1
 Foxfire                  Conj/Fire      0%         2x1d4     91%         1
 Kiss of Death            Conj/Necr      0%         2d5       91%         1
 Magic Dart               Conj           0%         1d3       91%         1
 Necrotise                Necr           0%         1d4       91%         1
 Sandblast                Erth           0%         2d4       91%         1
 Shock                    Conj/Air       0%         1d3       91%         1
 Slow                     Hex            0%         N/A       91%         1
 Sting                    Tmut/Pois      0%         1d3       91%         1
 Blink                    Tloc           0%         N/A       97%         2
 Cigotuvi's Dreadful Rot  Necr/Pois/Air  0%         N/A       97%         2
 Ensorcelled Hibernation  Hex/Ice        0%         N/A       97%         2
 Momentum Strike          Conj/Tloc      0%         3d8       97%         2
 Passwall                 Tmut/Erth      0%         N/A       97%         2
 Poisonous Vapours        Pois/Air       0%         N/A       97%         2
 Scorch                   Fire           0%         2d5       97%         2
 Static Discharge         Conj/Air       0%         2-2/arc   97%         2
 Sublimation of Blood     Necr           0%         N/A       97%         2
 Confusing Touch          Hex            0%         N/A       99%         3
 Dazzling Flash           Conj/Hex       0%         N/A       99%         3
 Frozen Ramparts          Ice            0%         1d1       99%         3
 Hailstorm                Conj/Ice       0%         3d3       99%         3
 Inner Flame              Hex/Fire       0%         N/A       99%         3
 Kindle Blastsparks       Fire/Tloc/Air  0%         2d10      99%         3
 Lesser Beckoning         Tloc           0%         N/A       99%         3
 Mephitic Cloud           Conj/Pois/Air  0%         N/A       99%         3
 Portal Projectile        Hex/Tloc       0%         N/A       99%         3
 Spider Form              Tmut/Pois      0%         N/A       99%         3
 Stone Arrow              Conj/Erth      0%         3d7       99%         3
 Swiftness                Air            0%         N/A       99%         3
 Vampiric Draining        Necr           0%         2d6       99%         3
 Vhi's Electric Charge    Tloc/Air       0%         N/A       99%         3
 Airstrike                Air            0%         2d(0-16)  100%        4
 Anguish                  Hex/Necr       0%         N/A       100%        4
 Dispel Undead            Necr           0%         3d6       100%        4
 Flame Wave               Conj/Fire      0%         2d4       100%        4
 Fulminant Prism          Conj/Hex       0%         3d5       100%        4
 Ice Form                 Ice/Tmut       0%         N/A       100%        4
 Iskenderun's Mystic Bla  Conj/Tloc      0%         2d3       100%        4
 Leda's Liquefaction      Hex/Erth       0%         N/A       100%        4
 Olgreb's Toxic Radiance  Pois           0%         N/A       100%        4
 Passage of Golubria      Tloc           0%         N/A       100%        4
 Petrify                  Tmut/Erth      0%         N/A       100%        4
 Sticky Flame             Conj/Fire      0%         2d3       100%        4
 Agony                    Necr           0%         N/A       100%        5
 Alistair's Intoxication  Tmut/Pois      0%         N/A       100%        5
 Arcjolt                  Conj/Air       0%         1d10      100%        5
 Blade Hands              Tmut           0%         N/A       100%        5
 Borgnjor's Vile Clutch   Necr/Erth      0%         N/A       100%        5
 Fireball                 Conj/Fire      0%         3d3       100%        5
 Freezing Cloud           Conj/Ice/Air   0%         6-21      100%        5
 Irradiate                Conj/Tmut      0%         3d11      100%        5
 Iskenderun's Battlesphe  Conj           0%         2d6       100%        5
 Lee's Rapid Deconstruct  Erth           0%         3d4*      100%        5
 Lightning Bolt           Conj/Air       0%         1d11      100%        5
 Metabolic Englaciation   Hex/Ice        0%         N/A       100%        5
 Silence                  Hex/Air        0%         N/A       100%        5
 Yara's Violent Unravell  Hex/Tmut       0%         3d3       100%        5
 Conjure Ball Lightning   Conj/Air       0%         3x3d6     100%        6
 Eringya's Noxious Bog    Tmut/Pois      0%         N/A       100%        6
 Iron Shot                Conj/Erth      0%         9d1       100%        6
 Starburst                Conj/Fire      0%         6d3       100%        6
 Statue Form              Tmut/Erth      0%         N/A       100%        6
 Dragon Form              Tmut           0%         N/A       100%        7
 Enfeeble                 Hex            0%         N/A       100%        7
 Ozocubu's Refrigeration  Ice            0%         4d7       100%        7
 Storm Form               Tmut/Air       0%         N/A       100%        7
 Borgnjor's Revivificati  Necr           0%         N/A       100%        8
 Discord                  Hex            0%         N/A       100%        8
 Disjunction              Tloc           0%         N/A       100%        8
 Ignition                 Fire           0%         3d3       100%        8
 Lehudib's Crystal Spear  Conj/Erth      0%         10d2      100%        8
 Maxwell's Capacitive Co  Air            0%         ∞         100%        8
 Necromutation            Tmut/Necr      0%         N/A       100%        8
 Death's Door             Necr           0%         N/A       100%        9
 Polar Vortex             Ice            0%         N/A       100%        9
 Summon Small Mammal      Summ           Unusable   N/A       N/A         1
 Call Imp                 Summ           Unusable   N/A       N/A         2
 Tukima's Dance           Hex            Unusable   N/A       N/A         3
 Animate Armour           Summ/Erth      Unusable   N/A       N/A         4
 Summon Ice Beast         Ice/Summ       Unusable   N/A       N/A         4
 Summon Lightning Spire   Summ/Air       Unusable   N/A       N/A         4
 Death Channel            Necr           Unusable   N/A       N/A         6
 Simulacrum               Ice/Necr       Unusable   N/A       N/A         6
 Summon Cactus Giant      Summ           Unusable   N/A       N/A         6
 Haunt                    Necr/Summ      Unusable   N/A       N/A         7
 Spellforged Servitor     Conj/Summ      Unusable   N/A       N/A         7
 Infestation              Necr           Unusable   N/A       N/A         8

Dungeon Overview and Level Annotations

Branches:
Dungeon (15/15)            Temple (1/1) D:6            Lair (5/5) D:8
 Shoals (4/4) Lair:2       Spider (4/4) Lair:2        Slime (5/5) Lair:5
    Orc (2/2) D:11            Elf (3/3) Orc:2        Vaults (5/5) D:13
  Crypt (3/3) Vaults:3       Tomb (1/3) Crypt:3      Depths (4/4) D:15
   Hell (visited)             Dis (0/7) Hell            Geh (0/7) Hell
    Coc (0/7) Hell            Tar (0/7) Hell            Zot (5/5) Depths:4
Ossuary (visited)           IceCv (visited)          WizLab (visited)

Altars:
Ashenzari
Cheibriados
Dithmenos
Elyvilon
Fedhas
Gozag
Hepliaklqana
Kikubaaqudgha
Makhleb
Nemelex Xobeh
Okawaru
Qazlal
Ru
Sif Muna
Trog
Uskayaw
Vehumet
Wu Jian
Xom
Yredelemnul
Zin
The Shining One
Jiyva
Lugonu

Shops:
D:1 (   D:7 [   D:8 (   D:11 ((   D:12 (   Orc:2 [=![!   Elf:2 (   Elf:3 **
Vaults:1 ?   Vaults:5 !   Depths:4 ?*

Portals:
Hell: Depths:1 Depths:2 Depths:3 Depths:4
Abyss: Lair:5 Depths:3 Depths:4
Pandemonium: Orc:2 Depths:2
Ziggurat: Depths:1

Annotations:
D:3 1 runed translucent door, Crazy Yiuf


Innate Abilities, Weirdness & Mutations

You have a pair of horns on your head.
You reflexively headbutt those who attack you in melee.
You have sharp toenails.
You are mostly covered in iridescent scales. (AC +4)
You possess an exceptional clarity of mind.
You occasionally shout uncontrollably at your foes.


Message History

You miss the Orb Guardian. Your headbutt misses the Orb Guardian.
The Orb Guardian is moderately wounded.
You block the Orb Guardian's attack.
You slash the Orb Guardian!
The Orb Guardian is moderately wounded.
You block the Orb Guardian's attack.
You slice the Orb Guardian!!
The Orb Guardian is severely wounded.
You block the Orb Guardian's attack.
You miss the Orb Guardian. You headbutt the Orb Guardian.
The Orb Guardian is almost dead.
You block the Orb Guardian's attack.
You slash the Orb Guardian! You headbutt the Orb Guardian.
You kill the Orb Guardian!
Okawaru accepts your kill.
No target in view!
There is a stone staircase leading up here.
You can't go down here!
You fly upwards.
There is a stone staircase leading down here.
You see here a +0 dagger.
There is a stone staircase leading up here.
You can't go down here!
You fly upwards.
There is a stone staircase leading down here.
There is an open door here.
There is an open door here.
There is a staircase leading out of the dungeon here.
Okay, then.
You start removing your amulet.
You continue taking off your amulet of the acrobat. x4
You finish taking off your amulet of the acrobat.
You start putting on your amulet.
You continue putting on the amulet of Peyxtasch {Reflect Will+ SH+5}. x5
You finish putting on the amulet of Peyxtasch {Reflect Will+ SH+5}.
You feel a shielding aura gather around you.
a - the amulet of Peyxtasch (around neck) {Reflect Will+ SH+5} Unknown command.
You can't go down here!
You have escaped!

#######.###......#.#..........#
###.## ##.......#..#######.#
#...# #########..># ##.
#.#.####.......###.# ## ##
#.##.#.'.>.>...+...# # .#
#.###..#.......############# .#
#......###########..........
.#####..###.#.......#...#########
.#.......##.'...@...'.###
............#...[...###
.###........######### .#
#..........# .###.....##..##
.##.......#..# .##..........#
.##.......#.## .###.†...##.#


There were no monsters in sight!

Vanquished Creatures
  the Royal Jelly (Slime:5)
  7 dread liches
  Mennas (Crypt:1)
  8 orbs of fire
  3 ancient liches
  A juggernaut (Depths:4)
  2 pandemonium lords
  A royal mummy (Tomb:1)
  Parghit (Zot:3)
  A curse toe (Zot:3)
  A caustic shrike (Depths:2)
  A Killer Klown (Zot:5)
  Bai Suzhen (Vaults:2)
  Geryon (Hell)
  9 golden dragons
  Nikola (Depths:2)
  A mutant beast (WizLab)
  A Tzitzimitl (Zot:1)
  Arachne (Spider:2)
  3 bone dragons
  2 doom hounds (Zot:1)
  5 electric golems
  19 tentacled monstrosities
  A Hell Sentinel (Depths:4)
  Grunn (Zot:1)
  30 Orb Guardians
  9 liches
  A walking crystal tome (Depths:3)
  3 titans
  The ghost of bakla the Wrestler, an adept TrDe of Wu Jian (Elf:3)
  2 deep elf master archers (Elf:3)
  3 deep elf blademasters
  9 quicksilver dragons
  2 Executioners
  16 death cobs
  19 acid blobs
  9 ancient champions
  3 walking frostbound tomes
  Frances (Shoals:1)
  The ghost of Eweu the Fighter, an adept DjFE of Gozag (D:14)
  13 sphinxes
  A kraken (Shoals:4)
  6 revenants
  17 storm dragons
  12 shadow dragons
  Kirke (Spider:3)
  Donald (Slime:2)
  8 tengu reavers
  3 draconian knights
  Roxanne (D:15)
  2 draconian monks
  15 rockslimes
  2 iron dragons
  10 frost giants
  12 deep elf sorcerers
  25 vault wardens
  11 azure jellies
  7 draconian scorchers
  A cacodemon (Depths:2)
  10 fire giants
  5 emperor scorpions
  A balrug (Depths:3)
  10 ghost moths
  2 orc warlords
  A curse skull (Crypt:1)
  Aizul (Shoals:4)
  5 ghouls
  6 draconian annihilators
  18 quicksilver oozes
  7 draconian shifters
  5 deep elf elementalists
  2 spriggan defenders (Depths:1)
  6 spectral caustic shrikes (Depths:1)
  8 reapers
  2 angels (Depths:4)
  The ghost of Catyentaxio the Impaler, a journeyman MfBe of Trog (Lair:4)
  4 draconian stormcallers
  13 ironbound preservers
  5 war gargoyles
  10 ironbound thunderhulks
  A broodmother (shapeshifter) (WizLab)
  23 stone giants
  17 very ugly things
  11 vampire knights
  Azrael (D:13)
  12 deep elf annihilators
  3 broodmothers
  Nessos (Lair:5)
  7 green draconians
  The ghost of Riheudah the Brawler, a journeyman TrDe (Lair:4)
  The ghost of Riheudah the Brawler, a journeyman TrDe (Lair:4)
  The ghost of Riheudah the Brawler, a journeyman TrDe (Lair:4)
  4 deep elf demonologists (Elf:3)
  A dire elephant (shapeshifter) (Zot:4)
  17 black draconians
  14 yellow draconians
  11 white draconians
  15 purple draconians
  10 red draconians
  4 dire elephants (Vaults:3)
  13 ettins
  Snorg (Lair:3)
  2 eidola (Crypt:2)
  4 crystal guardians
  13 deep elf death magi
  3 spark wasps
  5 blizzard demons
  9 mummy priests (Tomb:1)
  22 fire dragons
  15 yaktaur captains
  12 merfolk impalers
  8 deep elf high priests
  A spectral kraken (Shoals:4)
  Fannar (Orc:1)
  Josephine (D:13)
  An entropy weaver (shapeshifter) (WizLab)
  8 jiangshi
  9 entropy weavers
  7 merfolk javelineers
  The ghost of Degu the Fighter, a journeyman DsBe of Trog (Orc:1)
  An ice dragon (shapeshifter) (Lair:5)
  12 great orbs of eyes
  2 demonspawn (Orc:2)
  A rakshasa (Depths:3)
  A great orb of eyes (shapeshifter) (Vaults:1)
  A kraken zombie (Hell)
  6 peacekeepers
  35 vault guards
  7 hydras
  8 ice dragons
  A jorogumo (Spider:3)
  2 hell beasts
  7 ironbound frosthearts
  7 spriggan air magi
  20 centaur warriors
  2 radroaches
  3 ghost crabs (Shoals:4)
  2 catoblepae
  3 ogre magi
  4 merfolk avatars
  Erica (D:7)
  5 boulder beetles
  4 death knights
  An anaconda (shapeshifter) (Depths:1)
  2 alligator snapping turtles (Shoals:4)
  28 dancing weapons
  4 merfolk aquamancers
  15 death scarabs (Tomb:1)
  A spriggan skeleton (Crypt:2)
  6 deep troll earth magi
  5 satyrs
  6 two-headed ogres
  10 orc high priests
  3 deep troll shamans
  18 tengu warriors
  8 hell hogs
  3 thrashing horrors (Lair:5)
  An Orb Guardian skeleton (Crypt:2)
  4 vampire magi
  A shock serpent (shapeshifter) (WizLab)
  2 shock serpents (Zot:2)
  22 soul eaters
  A titan zombie (Crypt:2)
  9 spriggan berserkers
  Nergalle (Lair:2)
  13 deep elf knights
  9 sun demons
  4 sixfirhies (Zot:2)
  An emperor scorpion zombie (Crypt:3)
  A sun moth (Spider:4)
  Sonja (Lair:2)
  8 hell knights
  3 shadow wraiths
  15 skeletal warriors
  6 iron trolls
  A fire crab (shapeshifter) (WizLab)
  A sea snake (shapeshifter) (WizLab)
  An iron troll (shapeshifter) (Vaults:5)
  2 quicksilver dragon simulacra (Depths:3)
  7 glowing orange brains
  9 steelbarb worms
  A swamp dragon (shapeshifter) (WizLab)
  2 bog bodies
  5 pharaoh ants
  15 sea snakes
  10 orb spiders
  42 deep trolls
  A sphinx zombie (Vaults:5)
  13 deep elf archers
  3 flayed ghosts
  An orb spider (shapeshifter) (WizLab)
  8 lindwurms
  32 deep elf zephyrmancers
  9 necromancers
  4 anaconda skeletons
  2 obsidian statues
  24 ironbound convokers
  Pikel (D:9)
  18 deep elf pyromancers
  9 wizards
  24 harpies
  2 mana vipers (shapeshifter)
  2 golden dragon skeletons
  10 phantasmal warriors
  10 orc knights
  A goliath frog zombie (Crypt:3)
  A wolf spider (shapeshifter) (WizLab)
  2 harpies (shapeshifter) (WizLab)
  25 wolf spiders
  20 fauns
  9 cyclopes
  An elephant (shapeshifter) (WizLab)
  38 ugly things
  19 manticores
  9 orc sorcerers
  A cyclops (shapeshifter) (Lair:5)
  A faun (shapeshifter) (Vaults:5)
  A salamander (shapeshifter) (WizLab)
  A shining eye (Slime:1)
  A manticore (shapeshifter) (D:10)
  A centaur zombie (Crypt:2)
  3 elephants (Lair:1)
  3 rust devils (Hell)
  34 moths of wrath
  Maurice (D:13)
  2 naga zombies
  A frost giant skeleton (Crypt:3)
  18 merfolk sirens
  A guardian serpent (shapeshifter) (D:14)
  2 ice statues
  2 black mambas (shapeshifter)
  A water nymph (shapeshifter) (Depths:4)
  An emperor scorpion simulacrum (Hell)
  2 alligator snapping turtle zombies
  Joseph (D:8)
  An eye of devastation (shapeshifter) (Depths:4)
  2 eyes of devastation
  3 black mambas
  3 orange demons
  A torpor snail (shapeshifter) (Depths:3)
  16 vault sentinels
  2 cane toads (shapeshifter) (WizLab)
  6 molten gargoyles (Hell)
  7 demonic crawlers
  10 cane toads
  A storm dragon simulacrum (Vaults:5)
  A hellion (Hell)
  9 unseen horrors (Crypt:2)
  A dire elephant skeleton (Crypt:1)
  Maggie (Lair:2)
  8 smoke demons
  5 torpor snails
  50 yaktaurs
  8 komodo dragons
  A centaur skeleton (Tomb:1)
  11 freezing wraiths
  5 rime drakes
  2 sea snake zombies (Hell)
  9 tengu conjurers
  4 ice devils
  5 guardian mummies
  A hellwing (Depths:2)
  A kobold demonologist (Crypt:1)
  A yaktaur zombie (Vaults:5)
  2 tormentors (Zot:1)
  2 anaconda simulacra (IceCv)
  2 efreet
  3 ancient zymes (Lair:5)
  A pale draconian skeleton (Crypt:2)
  4 spectral merfolk (Shoals:4)
  A yellow draconian skeleton (Crypt:3)
  A white draconian skeleton (Crypt:2)
  9 meliai
  A red devil (Orc:2)
  A troll (shapeshifter) (WizLab)
  7 wind drakes
  A hydra zombie (Hell)
  A queen bee (shapeshifter) (WizLab)
  6 trolls
  A queen bee (D:14)
  2 polar bears (Lair:4)
  A silent spectre (Crypt:1)
  2 polar bears (shapeshifter)
  87 slime creatures
  A tarantella (shapeshifter) (WizLab)
  29 tarantellas
  A merfolk (shapeshifter) (WizLab)
  37 merfolk
  A culicivora zombie (Crypt:2)
  A moth of wrath zombie (Crypt:3)
  2 hornets (shapeshifter)
  2 harpy skeletons
  5 hornets
  4 raiju (Zot:2)
  2 guardian serpent zombies
  5 ettin zombies
  11 dream sheep
  37 blink frogs
  A meliai zombie (Crypt:2)
  Grinder (D:3)
  The ghost of AigisTheKnight the Digger, an amateur GrEE (D:4)
  A dream sheep (shapeshifter) (Depths:2)
  8 snapping turtles
  33 jumping spiders
  A jumping spider (shapeshifter) (Vaults:5)
  21 water elementals
  10 flying skulls
  28 culicivoras
  A culicivora (shapeshifter) (WizLab)
  3 spriggans (shapeshifter) (WizLab)
  2 air elementals (Elf:1)
  2 shadows
  A spectral wind drake (Shoals:4)
  A dire elephant simulacrum (Hell)
  A yak (shapeshifter) (WizLab)
  2 wyverns
  3 ushabtiu (Tomb:1)
  A ynoxinul (Lair:5)
  A tyrant leech zombie (Crypt:2)
  A wyvern (shapeshifter) (WizLab)
  11 basilisks
  40 yaks
  10 wraiths
  A black mamba skeleton (Crypt:2)
  9 fire elementals
  5 hogs (Spider:3)
  4 humans
  A basilisk (shapeshifter) (WizLab)
  9 vampire mosquitoes
  2 chaos spawn (Lair:5)
  3 neqoxecs
  6 death yak simulacra (IceCv)
  A steam dragon (D:8)
  11 iron golems
  2 hogs (shapeshifter) (WizLab)
  54 redbacks
  14 large abominations
  5 wargs (Orc:1)
  2 glowing shapeshifter zombies
  A spectral snapping turtle (Shoals:4)
  An entropy weaver zombie (Crypt:1)
  2 harpy simulacra (IceCv)
  A naga skeleton (Crypt:2)
  An acid dragon (D:13)
  A hydra simulacrum (Hell)
  A demonspawn skeleton (Crypt:3)
  7 floating eyes
  2 hell hounds (D:13)
  9 water moccasins
  A floating eye (shapeshifter) (Vaults:5)
  4 sky beasts
  An ice beast (D:7)
  A snapping turtle zombie (Crypt:3)
  4 black bears
  46 orc warriors
  A tengu (shapeshifter) (WizLab)
  9 wolves (Lair:5)
  7 centaurs
  3 ettin simulacra (Depths:3)
  17 ogres
  A boggart (shapeshifter) (Lair:5)
  A human skeleton (Vaults:5)
  20 small abominations
  A kobold brigand (D:8)
  6 elf zombies
  A rime drake zombie (Crypt:1)
  12 bullfrogs
  4 necrophages
  2 gnoll sergeants
  4 scorpions
  A cane toad simulacrum (IceCv)
  An earth elemental (Elf:3)
  3 two-headed ogre simulacra (IceCv)
  28 wights
  3 elephant simulacra (IceCv)
  14 killer bees
  A polar bear skeleton (Crypt:1)
  5 howler monkeys
  A human simulacrum (Vaults:3)
  3 hounds
  35 orc priests
  3 jellies
  2 human zombies (Ossuary)
  Ijyb (D:5)
  A boggart zombie (Crypt:2)
  7 iguanas
  24 orc wizards
  13 hell rats
  5 lightning spires (Zot:2)
  3 polar bear simulacra (IceCv)
  7 spriggan simulacra (IceCv)
  6 troll simulacra (IceCv)
  A wolf simulacrum (IceCv)
  2 hound zombies (Ossuary)
  28 mummies
  29 gnolls
  10 adders
  6 naga simulacra (IceCv)
  6 river rats (Lair:5)
  A shadow imp (D:5)
  11 white imps
  10 ufetubi
  An adder zombie (Ossuary)
  A worm (D:2)
  5 dart slugs
  99 orcs
  4 bats
  A bat skeleton (Crypt:3)
  A bat zombie (Crypt:3)
  18 endoplasms
  5 giant cockroaches
  3 gnoll zombies (Ossuary)
  9 goblins
  9 hobgoblins
  7 jackals
  4 quokkas
  10 ball pythons
  A ball python skeleton (Crypt:3)
  A ball python zombie (Crypt:1)
  9 frilled lizards
  2 giant cockroach zombies (Crypt:1)
  A goblin zombie (Ossuary)
  A hobgoblin skeleton (Crypt:1)
  A hobgoblin zombie (Ossuary)
  15 kobolds
  A kobold zombie (Ossuary)
  13 rats
  A ball lightning (Zot:2)
  A fire vortex (D:6)
  9 tentacles
3001 creatures vanquished.

Vanquished Creatures (others)
  A dread lich (Vaults:5)
  A deep elf demonologist (Vaults:5)
  A deep elf high priest (Elf:3)
  A merfolk impaler (Shoals:4)
  A yaktaur captain (Depths:4)
  A deep elf knight (Elf:1)
  A sea snake (Shoals:4)
  3 deep elf pyromancers
  2 manticores (Shoals:4)
  A yaktaur (Vaults:5)
  5 merfolk (Shoals:4)
  A wind drake (Shoals:4)
  A slime creature (D:13)
  A water elemental (Depths:4)
  A hell rat (Hell)
  4 ball lightnings (Zot:2)
  23 fungi
  91 plants
  8 tentacles
  4 withered plants (Shoals:4)
152 creatures vanquished.

Grand Total: 3153 creatures vanquished

Notes
Turn   | Place    | Note
-------+----------+-------------------------------------------
     0 | D:1      | Joey1 the Minotaur Fighter began the quest for the Orb.
     0 | D:1      | Reached XP level 1. HP: 19/19 MP: 0/0
    73 | D:1      | Reached XP level 2. HP: 27/27 MP: 1/1
   127 | D:1      | Found Qecwopru's Weapon Boutique.
   179 | D:1      | Reached skill level 4 in Fighting
   179 | D:1      | Found a faded altar of an unknown god.
   184 | D:1      | Got Plato's Collected Works on Vitiation
   401 | D:1      | Reached XP level 3. HP: 32/33 MP: 2/2
  1188 | D:2      | Reached XP level 4. HP: 30/41 MP: 3/3
  1915 | D:3      | Reached skill level 1 in Dodging
  1955 | D:3      | Reached XP level 5. HP: 47/47 MP: 4/4
  2125 | D:3      | Noticed Grinder
  2205 | D:3      | Paralysed by Grinder for 4 turns
  2214 | D:3      | Paralysed by Grinder for 2 turns
  2302 | D:3      | Killed Grinder
  2303 | D:3      | Reached skill level 5 in Fighting
  2303 | D:3      | Reached skill level 5 in Axes
  2303 | D:3      | Reached skill level 5 in Shields
  2303 | D:3      | Reached XP level 6. HP: 41/56 MP: 5/5
  2687 | D:3      | Found a runed translucent door.
  2688 | D:3      | Noticed Crazy Yiuf
  3291 | D:4      | Found a snail-covered altar of Cheibriados.
  3466 | D:3      | Reached skill level 6 in Fighting
  3696 | D:4      | Reached XP level 7. HP: 63/63 MP: 6/6
  3956 | D:4      | Found a runed translucent door.
  4273 | D:4      | Noticed AigisTheKnight's ghost (amateur GrEE)
  4750 | D:5      | Entered Level 5 of the Dungeon
  4755 | D:5      | Reached skill level 7 in Fighting
  5043 | D:5      | Noticed Ijyb
  5062 | D:5      | Reached XP level 8. HP: 34/73 MP: 7/7
  5073 | D:5      | Reached skill level 8 in Fighting
  5081 | D:5      | Killed Ijyb
  5165 | D:5      | Reached skill level 9 in Fighting
  5195 | D:5      | Found a sand-covered staircase.
  5199 | Ossuary  | Entered an ossuary
  5222 | Ossuary  | Reached skill level 10 in Fighting
  6145 | D:6      | You fall into a shaft and drop 2 floors!
  6163 | D:7      | Found Moep's Antique Armour Shop.
  6255 | D:6      | Found a shimmering blue altar of Sif Muna.
  6561 | D:6      | Reached XP level 9. HP: 80/85 MP: 8/8
  6717 | D:6      | Reached skill level 10 in Axes
  6899 | D:6      | Reached skill level 11 in Fighting
  7255 | D:6      | Found a staircase to the Ecumenical Temple.
  7485 | Temple   | Entered the Ecumenical Temple
  7919 | Temple   | Became a worshipper of Warmaster Okawaru
  8471 | D:7      | Reached * piety under Okawaru
  8478 | D:7      | Reached skill level 12 in Fighting
  8826 | D:7      | Reached XP level 10. HP: 86/95 MP: 9/9
  9081 | D:8      | Reached ** piety under Okawaru
  9295 | D:8      | Reached skill level 13 in Fighting
  9447 | D:8      | Found Lutraoro's Antique Weapon Boutique.
  9471 | D:8      | Noticed Erica
  9561 | D:7      | Killed Erica
  9876 | D:8      | Noticed Joseph
  9937 | D:8      | Killed Joseph
  9937 | D:8      | Reached *** piety under Okawaru
 10091 | D:8      | Found a staircase to the Lair.
 10369 | D:9      | Noticed a two-headed ogre
 10387 | D:9      | Killed a two-headed ogre
 10677 | D:9      | Noticed a cyclops
 10687 | D:9      | Killed a cyclops
 10770 | D:9      | Noticed Pikel
 10786 | D:9      | Killed Pikel
 10786 | D:9      | Reached **** piety under Okawaru
 10787 | D:9      | Reached XP level 11. HP: 97/107 MP: 11/13
 11148 | D:9      | Noticed a two-headed ogre
 11156 | D:9      | Killed a two-headed ogre
 11205 | D:9      | Noticed a two-headed ogre
 11211 | D:9      | Killed a two-headed ogre
 11497 | D:10     | Entered Level 10 of the Dungeon
 11502 | D:10     | Reached ***** piety under Okawaru
 11503 | D:10     | Reached skill level 14 in Fighting
 11517 | D:10     | Reached skill level 5 in Invocations
 12029 | D:10     | Noticed a five-headed hydra
 12046 | D:10     | Killed a five-headed hydra
 12047 | D:10     | Reached skill level 15 in Fighting
 12243 | D:10     | Noticed a two-headed ogre
 12265 | D:10     | Killed a two-headed ogre
 12265 | D:10     | Identified the +2 robe of Minor Irritation {Will+ Str+4
                  | SInv} (Okawaru gifted it to you on level 10 of the Dungeon)
 12265 | D:10     | Received a gift from Okawaru
 12322 | D:10     | Noticed a yaktaur captain
 12336 | D:10     | Killed a yaktaur captain
 12446 | D:10     | Reached skill level 16 in Fighting
 12588 | D:10     | Noticed a wizard
 12595 | D:10     | Killed a wizard
 12596 | D:10     | Reached XP level 12. HP: 83/124 MP: 6/14
 12596 | D:10     | Noticed a yaktaur captain
 12603 | D:10     | Killed a yaktaur captain
 12610 | D:10     | Identified the +1 scimitar "Arcanum" {pain, rElec rC- Str+2
                  | Stlth+}
 12873 | D:10     | Noticed a centaur warrior
 13025 | D:10     | Killed a centaur warrior
 13026 | D:10     | Reached skill level 17 in Fighting
 13370 | D:11     | Found a staircase to the Orcish Mines.
 13516 | D:11     | Found Xaedous's Weapon Shoppe.
 13760 | D:11     | Found Baxoq's Antique Weapon Emporium.
 14010 | D:11     | Reached skill level 18 in Fighting
 14559 | D:12     | Found Wywu's Antique Weapon Shop.
 14564 | D:12     | Reached skill level 5 in Armour
 14579 | D:12     | Found a frozen archway.
 14582 | D:12     | Identified the +6 chain mail "Luun" {rPois Str+2} (Okawaru
                  | gifted it to you on level 12 of the Dungeon)
 14582 | D:12     | Received a gift from Okawaru
 14591 | IceCv    | Entered an ice cave
 14628 | IceCv    | Reached skill level 5 in Dodging
 15505 | IceCv    | Noticed a reaper
 15559 | IceCv    | HP: 6/127 [reaper/+0 scythe of freezing (4)]
 15568 | IceCv    | Killed a reaper
 15569 | IceCv    | Reached skill level 15 in Axes
 15571 | IceCv    | HP: 4/127 [death yak simulacrum (15)]
 15907 | IceCv    | Identified the amulet of Ovuv {Reflect +Inv SH+5}
 15925 | IceCv    | Identified the ring "Nohoitus" {*Slow rF+ rC+ SInv}
 16685 | Orc:1    | Entered Level 1 of the Orcish Mines
 16686 | Orc:1    | Noticed Fannar
 16711 | Orc:1    | Killed Fannar
 16712 | Orc:1    | Reached XP level 13. HP: 109/134 MP: 15/17
 16793 | Orc:1    | Noticed an orc warlord
 17016 | D:11     | Bought a +5 war axe of freezing for 499 gold pieces
 17067 | D:11     | Killed an orc warlord
 17384 | Orc:1    | Noticed Degu's ghost (journeyman DsBe)
 17427 | Orc:1    | Found a runed translucent gate.
 17427 | Orc:1    | Found a runed translucent gate.
 17428 | Orc:1    | Found a runed translucent gate.
 18098 | Orc:1    | Killed Degu's ghost
 18240 | Orc:2    | Entered Level 2 of the Orcish Mines
 18251 | Orc:1    | Received a gift from Okawaru
 18252 | Orc:1    | Reached skill level 10 in Shields
 18255 | Orc:2    | Found a staircase to the Elven Halls.
 18602 | Orc:2    | Gained mutation: You are weak. (Str -2) [a neqoxec]
 18948 | Orc:2    | Found Nuluod's Antique Armour Boutique.
 19009 | Orc:2    | Paralysed by an orc sorcerer for 4 turns
 19312 | Orc:2    | Found Yfogyv's Distillery.
 19315 | Orc:2    | Found Facoil's Distillery.
 19555 | Orc:2    | Received a gift from Okawaru
 19894 | Orc:2    | Reached XP level 14. HP: 50/143 MP: 10/18
 20119 | Orc:2    | Found Unneegu's Antique Armour Boutique.
 20119 | Orc:2    | Found Munism's Jewellery Shop.
 20120 | Orc:2    | Found a one-way gate leading to the halls of Pandemonium.
 20164 | Orc:2    | Bought a potion of lignification for 39 gold pieces
 20164 | Orc:2    | Bought a potion of berserk rage for 65 gold pieces
 20164 | Orc:2    | Bought a potion of degeneration for 13 gold pieces
 20166 | Orc:2    | Bought a potion of curing for 39 gold pieces
 20166 | Orc:2    | Bought a potion of brilliance for 52 gold pieces
 20166 | Orc:2    | Bought a potion of flight for 39 gold pieces
 20510 | Lair:1   | Entered Level 1 of the Lair of Beasts
 20606 | Lair:1   | Reached skill level 15 in Shields
 21476 | Lair:2   | Noticed Sonja
 21489 | Lair:2   | Killed Sonja
 21530 | Lair:2   | Found a staircase to the Shoals.
 21548 | Lair:2   | Received a gift from Okawaru
 21857 | Lair:2   | Noticed Nergalle
 21872 | Lair:2   | Killed Nergalle
 22014 | Lair:2   | Noticed Maggie
 22015 | Lair:2   | Found a hole to the Spider Nest.
 22028 | Lair:2   | Killed Maggie
 22895 | Lair:3   | Noticed Snorg
 22903 | Lair:3   | Killed Snorg
 23534 | Lair:4   | Found a runed translucent gate.
 23534 | Lair:4   | Found a runed translucent gate.
 23534 | Lair:4   | Found a runed translucent gate.
 23534 | Lair:4   | Noticed Riheudah's ghost (journeyman TrDe)
 23534 | Lair:4   | Noticed Riheudah's ghost (journeyman TrDe)
 23535 | Lair:4   | Noticed Catyentaxio's ghost (journeyman MfBe)
 23535 | Lair:4   | Noticed Riheudah's ghost (journeyman TrDe)
 23564 | Lair:4   | Killed Catyentaxio's ghost
 23568 | Lair:4   | Killed Riheudah's ghost
 23574 | Lair:4   | Killed Riheudah's ghost
 23575 | Lair:4   | Reached skill level 1 in Evocations
 23585 | Lair:4   | Killed Riheudah's ghost
 23908 | Lair:4   | Identified the +10 plate armour "Goreiklavvaq" {rC++}
                  | (Okawaru gifted it to you on level 4 of the Lair of Beasts)
 23908 | Lair:4   | Received a gift from Okawaru
 24594 | Lair:5   | Entered Level 5 of the Lair of Beasts
 24627 | Lair:5   | Reached ****** piety under Okawaru
 24638 | Lair:5   | Reached skill level 5 in Evocations
 24841 | Lair:5   | Reached XP level 15. HP: 142/149 MP: 19/19
 24841 | Lair:5   | Noticed Nessos
 24854 | Lair:5   | Killed Nessos
 25081 | Lair:5   | Found a viscous altar of Jiyva.
 25085 | Lair:5   | Found a staircase to the Slime Pits.
 25516 | Lair:5   | Identified the +6 battleaxe of Qiqumn {vorpal, Fragile rN+
                  | Str+4} (Okawaru gifted it to you on level 5 of the Lair of
                  | Beasts)
 25516 | Lair:5   | Received a gift from Okawaru
 25598 | Lair:5   | Found a corrupted altar of Lugonu.
 25598 | Lair:5   | Found a one-way gate to the infinite horrors of the Abyss.
 25931 | Lair:5   | Upgraded the game from 0.30-a0-424-g7412bad402 to
                  | 0.30-a0-439-g9e77e4d916
 26191 | D:4      | Killed AigisTheKnight's ghost
 26420 | Spider:1 | Entered Level 1 of the Spider Nest
 26737 | Spider:1 | Identified the +2 ring mail "Ofe Loor" {rCorr} (Okawaru
                  | gifted it to you on level 1 of the Spider Nest)
 26737 | Spider:1 | Received a gift from Okawaru
 26738 | Spider:1 | Reached skill level 19 in Fighting
 26908 | Spider:1 | You fall into a shaft and drop 1 floor!
 27218 | Spider:2 | Reached skill level 20 in Fighting
 27639 | Spider:2 | Noticed Arachne
 27658 | Spider:2 | Killed Arachne
 27977 | Spider:1 | Reached XP level 16. HP: 162/162 MP: 20/20
 28610 | Spider:3 | Received a gift from Okawaru
 29923 | Spider:3 | Noticed Kirke
 29935 | Spider:3 | Killed Kirke
 30127 | Spider:4 | Entered Level 4 of the Spider Nest
 30646 | Spider:3 | Reached skill level 10 in Armour
 30899 | Spider:3 | Identified the +0 pair of boots of Vimitt {Will+} (Okawaru
                  | gifted it to you on level 3 of the Spider Nest)
 30899 | Spider:3 | Received a gift from Okawaru
 31018 | Spider:4 | Reached skill level 10 in Invocations
 31796 | Spider:4 | Reached skill level 21 in Fighting
 31850 | Spider:4 | Reached XP level 17. HP: 142/173 MP: 1/23
 31907 | Spider:4 | Got a gossamer rune of Zot
 32532 | Orc:2    | Bought the ring of the Fifty Seas {Will+ MP+9 Str+3 Int+4
                  | Dex+4} for 1110 gold pieces
 32601 | Elf:1    | Entered Level 1 of the Elven Halls
 32910 | D:12     | Found a shimmering blue altar of Sif Muna.
 33177 | D:13     | Noticed Josephine
 33185 | D:13     | Reached skill level 10 in Dodging
 33193 | D:13     | Killed Josephine
 33199 | D:13     | Received a gift from Okawaru
 33225 | D:13     | Found a gate to the Vaults.
 33447 | D:13     | Noticed Maurice
 33457 | D:13     | Killed Maurice
 33687 | D:13     | Noticed Azrael
 33704 | D:13     | Killed Azrael
 33982 | Vaults:1 | Entered Level 1 of the Vaults
 34263 | Vaults:1 | Found Owaavap's Magic Scroll Emporium.
 34269 | Vaults:1 | Bought a scroll of teleportation for 54 gold pieces
 34269 | Vaults:1 | Bought a scroll of enchant weapon for 135 gold pieces
 34269 | Vaults:1 | Bought a scroll of teleportation for 54 gold pieces
 34315 | Vaults:1 | Found Qoaquodgh's Antique Weapon Shop.
 34805 | Vaults:1 | You fall into a shaft and drop 1 floor!
 34840 | Vaults:2 | Identified the +1 cloak of Uklewk {Slay+3} (Okawaru gifted
                  | it to you on level 2 of the Vaults)
 34840 | Vaults:2 | Received a gift from Okawaru
 35442 | Vaults:1 | Found a transporter.
 35443 | Vaults:1 | Noticed a lich
 35478 | Vaults:1 | Found a transporter.
 35538 | Vaults:1 | Killed a lich
 35545 | Vaults:1 | Reached XP level 18. HP: 182/182 MP: 25/25
 35581 | Vaults:1 | Identified the ring "Muvim" {rCorr Str-5 Int+3}
 35908 | Vaults:2 | Identified the +0 chain mail of Gravitas {+Inv rPois rF-
                  | SInv} (Okawaru gifted it to you on level 2 of the Vaults)
 35908 | Vaults:2 | Received a gift from Okawaru
 36588 | Vaults:2 | Reached skill level 22 in Fighting
 37104 | Vaults:3 | Received a gift from Okawaru
 37292 | Vaults:3 | Found a staircase to the Crypt.
 37521 | Vaults:3 | Reached XP level 19. HP: 33/191 MP: 27/27
 38085 | Vaults:3 | Identified the +1 robe of Quemys {Int+3} (Okawaru gifted it
                  | to you on level 3 of the Vaults)
 38085 | Vaults:3 | Received a gift from Okawaru
 38710 | Vaults:4 | Reached skill level 15 in Invocations
 39013 | Vaults:4 | Received a gift from Okawaru
 40228 | Elf:1    | Received a gift from Okawaru
 40379 | Elf:1    | Identified the +2 robe "Otsoggez" {Harm Drain rElec rF+}
 40787 | Elf:1    | Reached XP level 20. HP: 198/200 MP: 31/31
 40795 | Elf:1    | Got Essu's Lessons on Dark Secrets
 40834 | Elf:1    | Paralysed by an air elemental for 1 turns
 41367 | Elf:2    | Found Vees's Antique Weapon Emporium.
 41477 | Elf:2    | Found a runed translucent gate.
 41477 | Elf:2    | Found a runed translucent gate.
 41491 | Elf:2    | Found a runed translucent gate.
 42610 | Elf:3    | Entered Level 3 of the Elven Halls
 42996 | Elf:3    | Received a gift from Okawaru
 43200 | Elf:3    | Identified the amulet "Kina" {Faith rN+ Will+}
 43330 | Elf:3    | Identified the amulet of Wycukk {Faith rF+}
 43538 | Elf:3    | Reached skill level 23 in Fighting
 44125 | Elf:3    | Got Erreiju's Exposition on Shivering Apparitions
 44322 | Elf:3    | Found a runed translucent gate.
 44322 | Elf:3    | Found a runed translucent gate.
 44322 | Elf:3    | Found an opulent altar of Gozag.
 44322 | Elf:3    | Found Nijorom's Assorted Antiques.
 44323 | Elf:3    | Found a runed translucent gate.
 44324 | Elf:3    | Noticed bakla's ghost (adept TrDe)
 44326 | Elf:3    | Found Huoluyna's Assorted Antiques.
 44342 | Elf:3    | Identified the +2 cloak "Razxabro" {rElec} (Okawaru gifted
                  | it to you on level 3 of the Elven Halls)
 44342 | Elf:3    | Received a gift from Okawaru
 44345 | Elf:3    | Killed bakla's ghost
 44630 | Elf:2    | Bought the +8 mithril axe "Arga" {speed, Will+} for 2002
                  | gold pieces
 44630 | Elf:2    | Found the +8 mithril axe "Arga" {speed, Will+}
 44883 | Shoals:1 | Entered Level 1 of the Shoals
 45159 | Shoals:1 | Reached XP level 21. HP: 167/213 MP: 32/32
 45308 | Shoals:1 | Noticed Frances
 45321 | Shoals:1 | Killed Frances
 45322 | Shoals:1 | Reached skill level 24 in Fighting
 46253 | Shoals:2 | Identified the +2 cloak "Voqy" {rElec rF++ Str-4}
 47034 | Shoals:3 | Reached skill level 25 in Fighting
 47348 | Shoals:3 | Identified the +3 pair of boots "Hyck" {Harm rCorr Str+4
                  | Dex-3} (Okawaru gifted it to you on level 3 of the Shoals)
 47348 | Shoals:3 | Received a gift from Okawaru
 47942 | Shoals:4 | Entered Level 4 of the Shoals
 48086 | Shoals:4 | Noticed Aizul
 48103 | Shoals:4 | Reached skill level 26 in Fighting
 48104 | Shoals:4 | Killed Aizul
 48495 | Shoals:4 | Identified the amulet of Kesucerch {Spirit Will+ Str+6
                  | Slay+3}
 48866 | Shoals:4 | Identified the ring of Freedom {Str+4 SInv}
 48912 | Shoals:4 | Identified the ring of Honesty {rPois rC+ Str+2 Dex+2
                  | Slay+2}
 49173 | Shoals:4 | Got a barnacled rune of Zot
 49407 | Shoals:4 | Identified the +11 quarterstaff "Utagui" {vorpal, rPois
                  | Dex+4}
 50778 | Slime:1  | Entered Level 1 of the Pits of Slime
 50800 | Slime:1  | Reached skill level 27 in Fighting
 50804 | Slime:1  | Received a gift from Okawaru
 51019 | Slime:1  | Gained mutation: You are dopey. (Int -2) [a shining eye]
 51652 | Slime:2  | Noticed Donald
 51664 | Slime:2  | Killed Donald
 51665 | Slime:2  | Reached XP level 22. HP: 233/233 MP: 33/33
 52028 | Slime:5  | Entered Level 5 of the Pits of Slime
 52132 | Slime:5  | Noticed the Royal Jelly
 52283 | Slime:5  | Found a viscous altar of Jiyva.
 52878 | Slime:5  | Killed the Royal Jelly
 52878 | Slime:5  | Received a gift from Okawaru
 53364 | Slime:5  | Got Enteipp's Further Progress in Witchery
 53395 | Slime:5  | Identified the +1 scale mail "Kaemox" {Rampage Fly Dex-3
                  | SInv}
 53433 | Slime:5  | Got a slimy rune of Zot
 53842 | Vaults:2 | Noticed Bai Suzhen
 53878 | Vaults:2 | Killed Bai Suzhen
 54097 | Vaults:5 | Entered Level 5 of the Vaults
 54130 | Vaults:5 | Reached skill level 10 in Evocations
 54235 | Vaults:5 | Received a gift from Okawaru
 54573 | Vaults:5 | Noticed a golden dragon
 54807 | Vaults:5 | Killed a golden dragon
 54912 | Vaults:5 | Identified the +9 dagger "Ciepor" {vorpal, *Rage rElec rF+
                  | rN++}
 54926 | Vaults:5 | Noticed an ancient lich
 54944 | Vaults:5 | Killed an ancient lich
 54955 | Vaults:5 | Identified a scroll of acquirement
 55056 | Vaults:5 | Acquired the +4 pair of boots of Wuejamis {Fly rF+ Dex+4}
 55077 | Vaults:5 | Noticed a dread lich
 55088 | Vaults:5 | Killed a dread lich
 55095 | Vaults:5 | Reached XP level 23. HP: 238/240 MP: 34/34
 55104 | Vaults:5 | Identified the +7 chain mail of Kyesmare {rC+ Regen+ Str+2
                  | Slay-5}
 55110 | Vaults:5 | Got a silver rune of Zot
 55267 | Vaults:5 | Received a gift from Okawaru
 55497 | Vaults:5 | Noticed a dread lich
 55505 | Vaults:5 | Killed a dread lich
 55562 | Vaults:5 | Identified the ring of Sehelad {rElec MP+9 Str+4 Int-5
                  | Dex+6}
 55640 | Vaults:5 | Identified the ring of Egalitarianism {Contam Will+ SInv
                  | Stlth+}
 55652 | Vaults:5 | Found Wonuaq's Distillery.
 55659 | Vaults:5 | Bought 2 potions of cancellation for 272 gold pieces
 55659 | Vaults:5 | Bought a potion of curing for 51 gold pieces
 55659 | Vaults:5 | Bought a potion of heal wounds for 85 gold pieces
 55675 | Vaults:5 | Got the Handbook of Evil
 56294 | Crypt:1  | Entered Level 1 of the Crypt
 56348 | Crypt:1  | Found a magical portal.
 56379 | WizLab   | Entered Cigotuvi's Fleshworks
 56677 | WizLab   | Received a gift from Okawaru
 56732 | WizLab   | Identified the ring "Ikkaikia" {rPois Slay+2}
 56742 | WizLab   | Paralysed by a floating eye for 2 turns
 56765 | WizLab   | Paralysed by a floating eye for 2 turns
 56997 | WizLab   | Got the Parchment of Transfiguration
 57005 | WizLab   | Got Cigotuvi's Incunable of Vile Shapes
 57605 | Crypt:1  | Found a runed door.
 57664 | Crypt:1  | Noticed a dread lich
 57683 | Crypt:1  | Killed a dread lich
 57691 | Crypt:1  | Noticed a dread lich
 57698 | Crypt:1  | Killed a dread lich
 57714 | Crypt:1  | Identified the +7 plate armour "Viaqis" {Regen+ Dex-3
                  | Slay+2 SInv}
 57876 | Crypt:1  | Identified the +5 falchion of Nightmares {vorpal, Str+4}
 57898 | Crypt:1  | Identified the +0 pair of boots of the Orb {Int+4}
 58060 | Crypt:1  | Acquired a manual of Dodging
 58070 | Crypt:1  | Noticed Mennas
 58102 | Crypt:1  | Killed Mennas
 58103 | Crypt:1  | Reached skill level 15 in Evocations
 58938 | Crypt:2  | Received a gift from Okawaru
 58968 | Crypt:2  | Reached skill level 15 in Dodging
 59227 | Crypt:2  | Got the Guidebook on Evil Secrets
 59305 | Crypt:2  | Reached XP level 24. HP: 230/247 MP: 35/35
 59488 | Crypt:2  | Identified the +6 chain mail of Vanity {Contam +Inv rPois
                  | MP+9}
 59627 | Crypt:3  | Entered Level 3 of the Crypt
 59705 | Crypt:3  | Found a staircase to the Tomb.
 60087 | Crypt:3  | Noticed a dread lich
 60568 | Crypt:3  | Killed a dread lich
 60590 | Crypt:3  | Got Untejumocia's Vellum of Gloom
 60599 | Crypt:3  | Identified the ring "Ciurph" {rPois Will+ Stlth+}
 61350 | Tomb:1   | Entered Level 1 of the Tomb of the Ancients
 61405 | Tomb:1   | Identified the +6 war axe of Chagrin {elec, *Rage rElec
                  | Dex+4}
 62107 | Tomb:1   | Noticed a royal mummy
 62132 | Tomb:1   | Killed a royal mummy
 62357 | Tomb:1   | Found the +7 lajatang of Order {silver, rMut}
 63026 | D:14     | Found a transporter.
 63029 | D:14     | Found a transporter.
 63030 | D:14     | Noticed Eweu's ghost (adept DjFE)
 63425 | D:14     | Identified the +4 short sword "Weil" {antimagic, Str+4}
 63633 | D:14     | Killed Eweu's ghost
 63642 | D:14     | Identified the amulet of Peyxtasch {Reflect Will+ SH+5}
 63663 | D:14     | Got Ysikesio's Enchiridion on Shifting Gusts
 63667 | D:14     | Identified the +8 dire flail of Infinite Pain {flame,
                  | rPois}
 63712 | D:15     | Entered Level 15 of the Dungeon
 63884 | D:15     | Found a staircase to the Depths.
 64248 | D:15     | Identified Roxanne's Monograph on Excavation
 64248 | D:15     | Noticed Roxanne
 64260 | D:15     | Killed Roxanne
 64766 | Depths:1 | Entered Level 1 of the Depths
 64847 | Depths:1 | Identified the +3 robe of Rotten Brilliance {Rampage rCorr
                  | Int-3 Dex+4}
 64853 | Depths:1 | Identified the +6 scale mail "Inwon" {Str-4 Int+6} (Okawaru
                  | gifted it to you on level 1 of the Depths)
 64853 | Depths:1 | Received a gift from Okawaru
 65191 | Depths:1 | Found a gateway to Hell.
 65261 | Depths:1 | Found a one-way gateway to a ziggurat.
 65587 | Hell     | Entered the Vestibule of Hell
 65587 | Hell     | Noticed Geryon
 65603 | Hell     | Reached XP level 25. HP: 257/257 MP: 36/36
 65618 | Hell     | Killed Geryon
 65696 | Hell     | Reached skill level 15 in Armour
 65973 | Hell     | Found a gateway to the ashen valley of Gehenna.
 66145 | Hell     | Found a gateway to the decaying netherworld of Tartarus.
 66220 | Hell     | Found a gateway to the freezing wastes of Cocytus.
 66452 | Hell     | Found a gateway to the Iron City of Dis.
 66658 | Depths:2 | Identified the +4 broad axe of the Sky {pain, rC+ rCorr
                  | Int-3} (Okawaru gifted it to you on level 2 of the Depths)
 66658 | Depths:2 | Received a gift from Okawaru
 66744 | Depths:2 | Identified the +8 hand axe of Midsummer {protect, Stlth+}
 66810 | Depths:2 | Noticed Nikola
 66826 | Depths:2 | Killed Nikola
 67218 | Depths:2 | Gained mutation: Your spells are a little easier to cast,
                  | but a little less powerful. [a cacodemon]
 67220 | Depths:2 | Gained mutation: You are very dopey. (Int -4) [a cacodemon]
 67878 | Depths:3 | Received a gift from Okawaru
 68019 | Depths:3 | Found a basalt altar of Yredelemnul.
 68028 | Depths:3 | Identified the +0 robe of Eduezel {Will+}
 68064 | Depths:3 | Found a burning altar of Makhleb.
 68071 | Depths:3 | Identified the +9 hand axe of Velenu {freeze, rElec}
                  | (Okawaru gifted it to you on level 3 of the Depths)
 68071 | Depths:3 | Received a gift from Okawaru
 68221 | Depths:3 | Identified the +6 flail "Geegg" {chaos, rPois Int+3}
 68280 | Depths:3 | Reached XP level 26. HP: 133/266 MP: 36/36
 68457 | Depths:3 | Identified the +1 helmet of Morality {rCorr Dex+4 SInv}
 68523 | Depths:3 | Found an opulent altar of Gozag.
 68601 | Depths:3 | Found a bloodstained altar of Trog.
 68603 | Depths:3 | Received a gift from Okawaru
 68603 | Depths:3 | Found the +14 obsidian axe {vorpal, Mesm Drain Fly SInv}
 69144 | Depths:4 | Entered Level 4 of the Depths
 69208 | Depths:4 | Identified the ring "Ukhlariedd" {rPois rN++ AC+4 Stlth-}
 69535 | Depths:4 | Found Mosid's Assorted Antiques.
 69540 | Depths:4 | Found Sabastioto's Magic Scroll Boutique.
 69543 | Depths:4 | Bought a potion of heal wounds for 240 gold pieces
 69543 | Depths:4 | Bought a scroll of teleportation for 144 gold pieces
 69543 | Depths:4 | Bought a potion of might for 192 gold pieces
 69543 | Depths:4 | Bought a potion of haste for 480 gold pieces
 69543 | Depths:4 | Bought a potion of curing for 144 gold pieces
 69547 | Depths:4 | Bought a scroll of teleportation for 75 gold pieces
 69602 | Depths:4 | Noticed a juggernaut
 69611 | Depths:4 | Killed a juggernaut
 69674 | Depths:4 | Found a corrupted altar of Lugonu.
 70038 | Depths:4 | Found a gate to the Realm of Zot.
 70334 | Zot:1    | Entered Level 1 of the Realm of Zot
 70392 | Zot:1    | Received a gift from Okawaru
 70455 | Zot:1    | Noticed Grunn
 70469 | Zot:1    | Killed Grunn
 71336 | Zot:2    | Noticed an orb of fire
 71350 | Zot:2    | Gained mutation: You are occasionally teleported next to
                  | monsters. [an orb of fire]
 71358 | Zot:2    | Killed an orb of fire
 71663 | Zot:2    | Lost mutation: You are weak. (Str -2) [potion of mutation]
 71663 | Zot:2    | Lost mutation: You are very dopey. (Int -4) [potion of
                  | mutation]
 71663 | Zot:2    | Gained mutation: You occasionally shout uncontrollably at
                  | your foes. [potion of mutation]
 71664 | Zot:2    | Lost mutation: You are dopey. (Int -2) [potion of mutation]
 71664 | Zot:2    | Lost mutation: Your spells are a little easier to cast, but
                  | a little less powerful. [potion of mutation]
 71664 | Zot:2    | Lost mutation: You occasionally shout uncontrollably at
                  | your foes. [potion of mutation]
 71664 | Zot:2    | Gained mutation: You occasionally lose the ability to read
                  | scrolls when taking damage. [potion of mutation]
 71665 | Zot:2    | Lost mutation: You are occasionally teleported next to
                  | monsters. [potion of mutation]
 71665 | Zot:2    | Lost mutation: You occasionally lose the ability to read
                  | scrolls when taking damage. [potion of mutation]
 71665 | Zot:2    | Gained mutation: Your mind is acute. (Int +4, Str/Dex -1)
                  | [potion of mutation]
 71665 | Zot:2    | Gained mutation: You occasionally shout uncontrollably at
                  | your foes. [potion of mutation]
 71665 | Zot:2    | Gained mutation: Your system is resistant to poisons.
                  | (rPois) [potion of mutation]
 71666 | Zot:2    | Lost mutation: Your system is resistant to poisons. (rPois)
                  | [potion of mutation]
 71666 | Zot:2    | Lost mutation: You occasionally shout uncontrollably at
                  | your foes. [potion of mutation]
 71666 | Zot:2    | Gained mutation: Your system is resistant to poisons.
                  | (rPois) [potion of mutation]
 71666 | Zot:2    | Gained mutation: Your flesh is cold resistant. (rC+)
                  | [potion of mutation]
 71666 | Zot:2    | Gained mutation: Your flesh is very cold resistant. (rC++)
                  | [potion of mutation]
 71666 | Zot:2    | Gained mutation: You have large cloven feet. [potion of
                  | mutation]
 71788 | Zot:2    | Identified the +7 war axe of Courage {freeze, Dex+7}
                  | (Okawaru gifted it to you on level 2 of the Realm of Zot)
 71788 | Zot:2    | Received a gift from Okawaru
 71795 | Zot:2    | Reached skill level 1 in Throwing
 71956 | Zot:1    | Lost mutation: Your system is resistant to poisons. (rPois)
                  | [potion of mutation]
 71956 | Zot:1    | Lost mutation: Your flesh is very cold resistant. (rC++)
                  | [potion of mutation]
 71956 | Zot:1    | Lost mutation: You have large cloven feet. [potion of
                  | mutation]
 71956 | Zot:1    | Gained mutation: You possess an exceptional clarity of
                  | mind. [potion of mutation]
 71956 | Zot:1    | Gained mutation: You have sharp toenails. [potion of
                  | mutation]
 72059 | Zot:2    | Lost mutation: You possess an exceptional clarity of mind.
                  | [mutagenic glow]
 72061 | Zot:2    | Reached skill level 5 in Throwing
 72081 | Zot:2    | Gained mutation: You are frail. (-10% HP) [mutagenic glow]
 72095 | Zot:2    | Gained mutation: You occasionally lose the ability to drink
                  | potions when taking damage. [mutagenic glow]
 72108 | Zot:2    | Identified the +7 long sword of Heagelass {vorpal, Will++
                  | Int-5}
 72432 | Zot:2    | Reached XP level 27. HP: 245/245 MP: 37/37
 72875 | Zot:3    | Lost mutation: You are frail. (-10% HP) [potion of
                  | mutation]
 72875 | Zot:3    | Lost mutation: Your mind is acute. (Int +4, Str/Dex -1)
                  | [potion of mutation]
 72875 | Zot:3    | Lost mutation: You have sharp toenails. [potion of
                  | mutation]
 72875 | Zot:3    | Gained mutation: You are vulnerable to heat. (rF-) [potion
                  | of mutation]
 72875 | Zot:3    | Gained mutation: You are frail. (-10% HP) [potion of
                  | mutation]
 72875 | Zot:3    | Gained mutation: You are partially covered in iridescent
                  | scales. (AC +2) [potion of mutation]
 72878 | Zot:2    | Lost mutation: You occasionally lose the ability to drink
                  | potions when taking damage. [potion of mutation]
 72878 | Zot:2    | Lost mutation: You are partially covered in iridescent
                  | scales. (AC +2) [potion of mutation]
 72879 | Zot:2    | Lost mutation: Your flesh is cold resistant. (rC+) [potion
                  | of mutation]
 72879 | Zot:2    | Lost mutation: You are vulnerable to heat. (rF-) [potion of
                  | mutation]
 72879 | Zot:2    | Gained mutation: You are strong-willed. (Will+) [potion of
                  | mutation]
 72880 | Zot:2    | Lost mutation: You are strong-willed. (Will+) [potion of
                  | mutation]
 72880 | Zot:2    | Lost mutation: You are frail. (-10% HP) [potion of
                  | mutation]
 72880 | Zot:2    | Gained mutation: You possess an exceptional clarity of
                  | mind. [potion of mutation]
 72880 | Zot:2    | Gained mutation: You are partially covered in iridescent
                  | scales. (AC +2) [potion of mutation]
 72880 | Zot:2    | Gained mutation: You are mostly covered in iridescent
                  | scales. (AC +4) [potion of mutation]
 72880 | Zot:2    | Gained mutation: Your mind is acute. (Int +4, Str/Dex -1)
                  | [potion of mutation]
 72987 | Zot:3    | Noticed Parghit
 73046 | Zot:3    | Killed Parghit
 73046 | Zot:3    | Identified the +6 broad axe "Qauhisk" {vorpal, Will++ rCorr
                  | Dex+3} (Okawaru gifted it to you on level 3 of the Realm of
                  | Zot)
 73046 | Zot:3    | Received a gift from Okawaru
 74366 | Zot:4    | Identified the +2 robe "Tyfuj" {rPois Str+2 Stlth+}
                  | (Okawaru gifted it to you on level 4 of the Realm of Zot)
 74366 | Zot:4    | Received a gift from Okawaru
 74416 | Zot:4    | Noticed an orb of fire
 74417 | Zot:4    | Noticed an orb of fire
 74429 | Zot:4    | Gained mutation: You have large cloven feet. [an orb of
                  | fire]
 74436 | Zot:4    | Killed an orb of fire
 74442 | Zot:4    | Killed an orb of fire
 75458 | Zot:4    | Noticed an orb of fire
 75461 | Zot:4    | Gained mutation: Your magical capacity is low. (-10% MP)
                  | [an orb of fire]
 75462 | Zot:4    | Lost mutation: Your mind is acute. (Int +4, Str/Dex -1) [an
                  | orb of fire]
 75473 | Zot:4    | Killed an orb of fire
 75603 | Zot:5    | Entered Level 5 of the Realm of Zot
 75880 | Zot:5    | Noticed a dread lich
 75902 | Zot:5    | Killed a dread lich
 75940 | Zot:5    | Noticed an orb of fire
 75941 | Zot:5    | Gained mutation: You are strong-willed. (Will+) [an orb of
                  | fire]
 75957 | Zot:5    | Noticed an orb of fire
 75957 | Zot:5    | Gained mutation: You are dopey. (Int -2) [an orb of fire]
 75958 | Zot:5    | Killed an orb of fire
 75961 | Zot:5    | Gained mutation: You occasionally lose the ability to read
                  | scrolls when taking damage. [an orb of fire]
 75964 | Zot:5    | Noticed an orb of fire
 75971 | Zot:5    | Noticed a dread lich
 75973 | Zot:5    | Killed an orb of fire
 75975 | Zot:5    | Gained mutation: Your body sometimes deteriorates upon
                  | taking damage. [an orb of fire]
 75977 | Zot:5    | Gained mutation: You occasionally shout uncontrollably at
                  | your foes. [an orb of fire]
 75983 | Zot:5    | Gained mutation: You are clumsy. (Dex -2) [an orb of fire]
 75996 | Zot:5    | Killed an orb of fire
 75996 | Zot:5    | Identified the +1 chain mail of the Stone Wall {rF++ Str+4}
                  | (Okawaru gifted it to you on level 5 of the Realm of Zot)
 75996 | Zot:5    | Received a gift from Okawaru
 75999 | Zot:5    | Killed a dread lich
 76104 | Zot:5    | Lost mutation: You occasionally lose the ability to read
                  | scrolls when taking damage. [potion of mutation]
 76104 | Zot:5    | Lost mutation: You are dopey. (Int -2) [potion of mutation]
 76104 | Zot:5    | Lost mutation: You have large cloven feet. [potion of
                  | mutation]
 76104 | Zot:5    | Lost mutation: You are strong-willed. (Will+) [potion of
                  | mutation]
 76105 | Zot:5    | Lost mutation: Your body sometimes deteriorates upon taking
                  | damage. [potion of mutation]
 76105 | Zot:5    | Lost mutation: You are clumsy. (Dex -2) [potion of
                  | mutation]
 76105 | Zot:5    | Lost mutation: Your magical capacity is low. (-10% MP)
                  | [potion of mutation]
 76105 | Zot:5    | Gained mutation: Your body sometimes deteriorates upon
                  | taking damage. [potion of mutation]
 76105 | Zot:5    | Gained mutation: Your natural rate of healing is unusually
                  | fast. [potion of mutation]
 76106 | Zot:5    | Lost mutation: Your body sometimes deteriorates upon taking
                  | damage. [potion of mutation]
 76106 | Zot:5    | Lost mutation: Your natural rate of healing is unusually
                  | fast. [potion of mutation]
 76106 | Zot:5    | Lost mutation: You are mostly covered in iridescent scales.
                  | (AC +4) [potion of mutation]
 76106 | Zot:5    | Gained mutation: You are mostly covered in iridescent
                  | scales. (AC +4) [potion of mutation]
 76106 | Zot:5    | Gained mutation: You have sharp toenails. [potion of
                  | mutation]
 76201 | Zot:5    | Noticed an ancient lich
 76202 | Zot:5    | Noticed a dread lich
 76223 | Zot:5    | Noticed an orb of fire
 76228 | Zot:5    | Killed a dread lich
 76235 | Zot:5    | Killed an ancient lich
 76242 | Zot:5    | Killed an orb of fire
 76286 | Zot:5    | Noticed an ancient lich
 76296 | Zot:5    | Killed an ancient lich
 76420 | Zot:5    | Got the Orb of Zot
 76647 | Depths:4 | Noticed Sopum the pandemonium lord
 76664 | Depths:4 | Killed Sopum the pandemonium lord
 76664 | Depths:4 | Received a gift from Okawaru
 76970 | D:6      | Noticed Qagipny the pandemonium lord
 76982 | D:6      | Killed Qagipny the pandemonium lord
 77146 | D:$      | Escaped with the Orb!

Illustrated notes

Levels and vault maps discovered:
D:1:      minmay_arrival_up_and_down, layout_loops_ring, serial_shops,
          nicolae_shop_stone, shapermc_ecumenical_altar_rom_forum, st_stairs_7,
          serial_park_tiny_1
D:2:      layout_loops_ring, kennysheep_small_spiral, mrwooster_statue_mirror,
          minmay_heptomino_w4
D:3:      layout_basic, minivault_14, minmay_joined_circles, uniq_grinder,
          uniq_crazy_yiuf_cottage
D:4:      layout_basic, mainiacjoe_overflow_small_starburst,
          ebering_ghost_sewer_d
D:5:      minmay_spotlight, layout_basic, nicolae_ossuary_entry_plus, uniq_ijyb
D:6:      layout_loops_ring, mainiacjoe_overflow_24_doors,
          minmay_temple_entry_grid, kennysheep_crisscross
D:7:      layout_rooms, serial_shops, nicolae_shop_hallway_stairs,
          nicolae_zen_rock_garden, corexii_leaking_fountain
D:8:      layout_basic, lair_entry_dummy, serial_shops, nicolae_square_shop,
          lightli_orcish_oven, uniq_joseph, uniq_erica
D:9:      layout_long_grid, uniq_pikel
D:10:     minmay_chopped_fan, layout_loops_ring
D:11:     layout_rooms, orc_david_3, serial_shops, nicolae_diamond_shop, shop
D:12:     layout_long_grid, serial_shops, nicolae_shop_hallway_plus,
          portal_ice_cave_rime, nicolae_sif_muna_little_library
D:13:     layout_rooms, lightli_vaults_fourway_checkpoint, uniq_maurice,
          uniq_azrael, uniq_josephine
D:14:     layout_roguey, gammafunk_ghost_hive
D:15:     grunt_enter_depths_snipers, layout_basic, hangedman_decor_cross_pass,
          uniq_roxanne
Temple:   mainiacjoe_temple_big_plus
Lair:1:   layout_cave_pods
Lair:2:   layout_regular_city, elwin_shoals_entry_stream,
          nicolae_spider_entry_tight_spaces, uniq_maggie, uniq_sonja,
          uniq_nergalle
Lair:3:   layout_roguey, uniq_snorg
Lair:4:   layout_cave_pods, gammafunk_ghost_cemetery
Lair:5:   hellmonk_lair_end_abyssal_woods, layout_regular_city,
          nicolae_slime_entry_slimehenge, kennysheep_abandoned_house,
          uniq_nessos
Shoals:1: layout_shoals, uniq_frances
Shoals:2: layout_shoals, ldierk_geyser
Shoals:3: layout_shoals, kb_tengu_band
Shoals:4: shoals_end_simple, layout_shoals, nicolae_shoals_spectral_cove,
          uniq_aizul
Spider:1: layout_spider_delve
Spider:2: layout_spider_delve, hangedman_spider_tarantella_strand, uniq_arachne
Spider:3: layout_spider_delve, drop_trap, uniq_kirke
Spider:4: grunt_spider_rune_parallel
Slime:1:  layout_caves, cheibrodos_slime_lost_civilization_7
Slime:2:  layout_caves, uniq_donald
Slime:3:  layout_caves
Slime:4:  layout_caves
Slime:5
Orc:1:    layout_caves, gammafunk_ghost_split, uniq_fannar
Orc:2:    pf_orc_diabolical, layout_diamond_mine, serial_shops, shop,
          basic_altar
Elf:1:    nicolae_elf_arrival_no_cutting_in_line, layout_gridlike,
          minmay_elf_necromancy, grunt_megastairs_2
Elf:2:    elven_hall_of_blades_hangedman_original
          [nicolae_blade_entry_pointy_end], layout_rooms, serial_shops,
          nicolae_shop_statue_plus, st_stairs_14
Elf:3:    grunt_elf_hall_spiral, layout_loops_cross, ebering_ghost_gozag
Vaults:1: v_alt_pattern_3, v_misc_5, gammafunk_sealed_arena,
          hangedman_vaults_maws, vaults_dpeg_cross, vaults_dpeg_encased_lava,
          ontoclasm_vaults_fault, layout_vaults_omnigrid, serial_shops, shop,
          shop
Vaults:2: v_rooms_4, nicolae_vaults_gold_heap, dpeg_vaults_monster_box,
          v_misc_17, vaults_dpeg_ring, nicolae_vaults_asterisk,
          nicolae_vaults_what_the_h, nicolae_vaults_alarming,
          nicolae_vaults_big_angled_halls, nicolae_vaults_mini_display_case,
          layout_vaults_big_room, uniq_bai_suzhen
Vaults:3: vaults_room_pool, nicolae_vaults_border_crossing,
          vaults_room_large_hall, v_misc_3, v_misc_1, grunt_vaults_focal,
          vaults_room_fours, vaults_room_semicircle, vaults_room_grid,
          ontoclasm_vaults_spin, nicolae_vaults_network_star,
          nicolae_vaults_circle_grid_a, st_quartered_hall,
          ontoclasm_vaults_bender, grunt_vaults_bifocal,
          vaults_room_stairs_pillars, layout_vaults_maze,
          blue_anna_dwarven_crypt
Vaults:4: v_alt_pattern_6, ontoclasm_vaults_tryst, vaults_room_door_ring,
          vaults_room_fancy_cross, v_misc_32, hangedman_vaults_corner_blocks,
          hangedman_vaults_corner, ontoclasm_vaults_misaligned,
          vaults_room_fours, hangedman_vaults_restitches,
          hangedman_vaults_nails, nicolae_vaults_rhombus_6, layout_vaults_ring
Vaults:5: serial_shops
Crypt:1:  evilmike_wizard_prison, layout_gridlike,
          lightli_enter_wizlab_magi_temple, minivault_25, hex_intersection,
          grunt_crypt_arrival_webbed, uniq_mennas
Crypt:2:  layout_basic, special_room [special_room_morgue], due_unseen_surprise,
          lemuel_upstairs_altar
Crypt:3:  david_glass_crypt, layout_chaotic_city,
          nicolae_tomb_entry_unfolded_pyramid_orthogonal
Tomb:1
Depths:1: layout_cave_pools, enter_ziggurat_e, nicolae_figureground_sparkle,
          pf_hell_entry_tar_river, grunt_potential
Depths:2: hangedman_arch_fort, layout_gridlike, rand_demon_pan_entry_9,
          hell_entry, serial_sigils, serial_sigils_hangedman_stare,
          serial_sigils_hangedman_clutch, infiniplex_staircase_river,
          uniq_nikola
Depths:3: grunt_profane_halls [grunt_profane_temple_tar,
          grunt_profane_temple_coc, grunt_profane_temple_geh,
          grunt_profane_temple_dis, grunt_profane_loot], abyss_entry, hell_entry
Depths:4: evilmike_zot_entry_hall, layout_long_grid, grunt_hell_entry_dis_grunt,
          nicolae_wwwww, abyss_entry_flame_altar, lemuel_freeze_loot_1,
          minmay_shop_star
Hell
Zot:1:    layout_concentric_octagons, uniq_grunn
Zot:2:    infiniplex_zot_generator, layout_onion_interference,
          hangedman_spider_trapstep
Zot:3:    layout_concentric_octagons, grunt_megastairs_5, uniq_parghit
Zot:4:    hangedman_zot_vaults_quadrants, layout_cathedral_of_symmetry
Zot:5:    layout_gridlike

Skill      XL: |  1  2  3  4  5  6  7  8  9 10 11 12 13 14 15 16 17 18 19 20 21 22 23 24 25 26 27 |
---------------+----------------------------------------------------------------------------------+-----
Armour         | 4 6 9 10 12 13 21 22 | 22.0
Shields        | 4 5 7 14 15 18 19 20 22 | 22.0
Fighting       | 4 5 6 7 10 12 13 16 18 20 21 22 23 27 | 27.0
Axes           | 3 5 6 8 9 12 14 15 18 19 20 21 22 25 | 25.4
Dodging        | 1 2 4 5 8 9 10 12 16 20 22 | 22.0
Invocations    | 4 5 6 7 10 11 13 17 18 20 22 | 22.0
Evocations     | 5 8 11 15 20 | 20.0
Throwing       | 5 |  5.0

Action                   |  1- 3 |  4- 6 |  7- 9 | 10-12 | 13-15 | 16-18 | 19-21 | 22-24 | 25-27 || total
-------------------------+-------+-------+-------+-------+-------+-------+-------+-------+-------++-------
Melee: War axe           |   119 |   119 |   327 |   670 |   577 |       |       |       |       ||  1812
       Headbutt          |    10 |    15 |    52 |   153 |   329 |   385 |   504 |   711 |   950 ||  3109
       Flail             |       |       |       |     9 |    28 |    15 |       |       |       ||    52
       Broad axe         |       |       |       |       |   644 |  1269 |  1606 |  2006 |  2418 ||  7943
Throw: Dart              |       |       |       |     1 |       |       |       |       |       ||     1
Invok: Heroism           |       |       |       |    11 |     8 |    10 |     6 |    14 |    10 ||    59
       Finesse           |       |       |       |     2 |     3 |     4 |     3 |    12 |     5 ||    29
Evoke: Lightning rod     |       |       |       |       |       |     4 |     1 |       |       ||     5
       Wand              |       |       |       |       |       |       |       |     5 |     1 ||     6
  Use: Scroll            |       |       |       |    15 |    14 |     6 |     2 |     7 |     4 ||    48
       Potion            |       |       |       |     4 |       |     6 |       |     3 |    24 ||    37
 Stab: Distracted        |     1 |       |       |       |       |       |       |       |     2 ||     3
       Petrified         |       |       |       |       |     1 |       |       |       |       ||     1
       Held in net/web   |       |       |       |       |       |       |     1 |       |       ||     1
Armor: Scale mail        |    65 |    31 |       |       |       |       |       |       |       ||    96
       Plate armour      |       |    52 |   252 |   279 |    16 |   227 |   390 |   385 |   475 ||  2076
       Chain mail        |       |       |       |       |   261 |   216 |       |       |       ||   477
Dodge: Dodged            |    55 |    50 |   110 |   279 |   192 |   332 |   271 |   328 |   653 ||  2270
Block: Buckler           |    21 |    31 |    79 |   167 |       |       |       |       |       ||   298
       Tower shield      |       |       |       |    58 |  1333 |  1802 |  1749 |  1720 |  2262 ||  8924
       Reflection        |       |       |       |       |    13 |    90 |   196 |    56 |    37 ||   392

Table legend: (Time is in decaauts)
 A = Elapsed time spent in this place.
 B = Non-inter-level travel time spent in this place.
 C = Inter-level travel time spent in this place.
 D = Time resting spent in this place.
 E = Time spent auto-exploring this place.
 F = Levels seen in this place.
 G = Mean time per level.
                   A        B        C        D        E       F      G
               +--------+--------+--------+--------+--------+-----+--------+
         Total |  74165 |  66089 |   8076 |   9350 |  38842 |  61 | 1215.8 |
       Dungeon |  18873 |  16086 |   2787 |   1698 |  10685 |  15 | 1258.2 |
        Temple |    464 |    392 |     72 |      0 |    383 |   1 |  464.0 |
          Lair |   6357 |   5552 |    805 |    407 |   4075 |   5 | 1271.4 |
        Shoals |   4898 |   4762 |    136 |    664 |   3242 |   4 | 1224.5 |
   Spider Nest |   5685 |   5207 |    478 |   1101 |   2280 |   4 | 1421.2 |
    Slime Pits |   2420 |   2264 |    156 |   1095 |    543 |   5 |  484.0 |
  Orcish Mines |   3747 |   3285 |    462 |    678 |   1382 |   2 | 1873.5 |
   Elven Halls |   4963 |   4205 |    758 |    542 |   2651 |   3 | 1654.3 |
        Vaults |   8434 |   7622 |    812 |   1232 |   4581 |   5 | 1686.8 |
         Crypt |   3449 |   2964 |    485 |    301 |   1612 |   3 | 1149.7 |
          Tomb |   1380 |    852 |    528 |    353 |      0 |   1 | 1380.0 |
        Depths |   4347 |   4010 |    337 |      0 |   2940 |   4 | 1086.8 |
          Hell |    700 |    696 |      4 |      0 |    373 |   1 |  700.0 |
           Zot |   5635 |   5382 |    253 |    441 |   3283 |   5 | 1127.0 |
       Ossuary |    497 |    497 |      0 |    213 |    187 |   1 |  497.0 |
      Ice Cave |   1601 |   1601 |      0 |    624 |    409 |   1 | 1601.0 |
        Wizlab |    708 |    708 |      0 |      0 |    213 |   1 |  708.0 |
               +--------+--------+--------+--------+--------+-----+--------+

Top non-repeatable levels by time:
    D:10: 2331 daAuts
   Orc:2: 2247 daAuts
Spider:3: 2246 daAuts
Vaults:2: 2022 daAuts
     D:3: 2011 daAuts
Vaults:3: 1919 daAuts
   Elf:3: 1858 daAuts
Vaults:4: 1717 daAuts
   Elf:2: 1657 daAuts
  Lair:5: 1656 daAuts
     D:6: 1626 daAuts
   IceCv: 1601 daAuts
    D:11: 1592 daAuts
Shoals:3: 1536 daAuts
   Orc:1: 1499 daAuts
